 Dungeon Crawl Stone Soup version 0.21-a0-531-gacddea6 (webtiles) character file.

23539 kae the Grappler (level 12, -9/134 HPs)
             Began as a Troll Monk on Dec 13, 2017.
             Was a High Priest of Wu Jian.
             Mangled by an 11-headed hydra (13 damage)
             ... on level 4 of the Lair of Beasts.
             The game lasted 00:23:19 (12960 turns).

kae the Grappler (Troll Monk)                      Turns: 12960, Time: 00:23:20

Health: -9/134     AC:  6    Str: 22      XL:     12   Next: 72%
Magic:  11/11      EV: 13    Int:  9 (10) God:    Wu Jian [*****.]
Gold:   1034       SH: 19    Dex: 18      Spells: 11/11 levels left

rFire    + . .     SeeInvis .     - Unarmed
rCold    . . .     Gourm    +   c - +2 large shield
rNeg     . . .     Faith    .   a - +1 robe
rPois    .         Spirit   .   (helmet restricted)
rElec    .         Reflect  .   s - scarf {cloud immunity}
rCorr    .         Harm     .   (gloves unavailable)
MR       +....                  (boots unavailable)
Stlth    ++++......             l - amulet of regeneration
HPRegen  1.12/turn              D - ring of protection from fire
MPRegen  0.12/turn              O - +4 ring of intelligence

@: exhausted
A: large, unfitting armour, claws 3, agile 1, deterioration 1, fast metabolism
3, gourmand, magic resistance 1, regeneration 1, robust 1, shaggy fur 1, tough
skin 2, evolution 1, sturdy frame 1
a: Serpent's Lash, Heavenly Storm, Renounce Religion


You were on level 4 of the Lair of Beasts.
You worshipped Wu Jian.
Wu Jian was extremely pleased with you.
You were full.

You visited 3 branches of the dungeon, and saw 15 of its levels.

You collected 1034 gold pieces.

Inventory:

Armour
 a - a +1 robe (worn)
 c - a +2 large shield (worn)
 s - a scarf of cloud immunity (worn)
Jewellery
 l - an amulet of regeneration (around neck)
 v - an uncursed amulet of faith
 D - a ring of protection from fire (left claw)
 O - a +4 ring of intelligence (right claw)
 P - an uncursed amulet of rage {unknown}
 Q - an uncursed ring of protection from magic {unknown}
Wands
 f - a wand of flame (15)
 j - a wand of enslavement (14)
 o - a wand of polymorph (13)
 y - a wand of disintegration (15)
 z - a wand of random effects (56)
 A - a wand of acid (15)
Scrolls
 e - 2 scrolls of blinking
 g - 2 scrolls of fog
 h - 5 scrolls of remove curse
 u - 3 scrolls of teleportation
 x - a scroll of amnesia
 G - 2 scrolls of identify
 I - a scroll of enchant weapon
 M - 3 scrolls of enchant armour
 R - a scroll of brand weapon {unknown}
Potions
 d - 3 potions of might
 i - 3 potions of curing
 m - 2 potions of resistance
 n - 2 potions of cancellation {unknown}
 p - 3 potions of brilliance {unknown}
 r - 6 potions of lignification
 t - 6 potions of heal wounds
 w - 2 potions of ambrosia
 B - 3 potions of mutation
 C - a potion of haste
 H - a potion of magic {unknown}
 K - 2 potions of flight
Books
 J - a book of Misfortune

   Spells                             Type                      Level
   a - Confusing Touch                Hexes                        1
   b - Confuse                        Hexes                        3
   c - Gell's Gravitas                Translocation                3
   d - Petrify                        Transmutation/Earth          4
   e - Metabolic Englaciation         Hexes/Ice                    5
   f - Yara's Violent Unravelling     Hexes/Transmutation          5
 L - a book of Minor Magic

   Spells                             Type                      Level
   a - Magic Dart                     Conjuration                  1
   b - Blink                          Translocation                2
   c - Call Imp                       Summoning                    2
   d - Slow                           Hexes                        2
   e - Conjure Flame                  Conjuration/Fire             3
   f - Mephitic Cloud                 Conjuration/Poison/Air       3
 N - a book of the Tempests

   Spells                             Type                      Level
   a - Static Discharge               Conjuration/Air              3
   b - Lightning Bolt                 Conjuration/Air              5
   c - Ignition                       Fire                         8
   d - Tornado                        Air                          9
   e - Shatter                        Earth                        9
Comestibles
 b - 14 bread rations
 k - 10 royal jellies
 q - 10 meat rations
 E - 2 fruits


   Skills:
 + Level 8.8 Fighting
 + Level 8.8 Dodging
 + Level 6.4 Stealth
 + Level 7.4 Shields
 + Level 10.4 Unarmed Combat


You had 11 spell levels left.
You didn't know any spells.

Dungeon Overview and Level Annotations

Branches:
Dungeon (10/15)            Temple (1/1) D:5            Lair (4/6) D:10
 Shoals (0/4) Lair:2        Snake (0/4) Lair:3          Orc (0/2) D:9

Altars:
Ashenzari
Cheibriados
Dithmenos
Elyvilon
Fedhas
Gozag
Hepliaklqana
Kikubaaqudgha
Makhleb
Nemelex Xobeh
Okawaru
Qazlal
Ru
Sif Muna
Trog
Uskayaw
Vehumet
Wu Jian
Xom
Yredelemnul
Zin
The Shining One

Shops:
D:4 }   D:9 [

Annotations:
D:9 Oozefury's ghost, novice FeEn


Innate Abilities, Weirdness & Mutations

You are too large for most types of armour.
You have claws for hands.
Your metabolism is lightning-fast.
You like to eat raw meat.
Your natural rate of healing is unusually fast.
You are covered in fur. (AC +1)
You have very tough skin. (AC +2)
You are agile. (Dex +2)
Your body sometimes deteriorates upon taking damage.
You are resistant to hostile enchantments. (MR+)
You are robust. (+10% HP)
You evolve.
Your movements are slightly less encumbered by armour. (ER -2)


Message History

The nine-headed hydra grows two more!
You scratch the 11-headed hydra.
The 11-headed hydra is severely wounded.
The 11-headed hydra closely misses you. You block the 11-headed hydra's attack.
The 11-headed hydra bites you. You block the 11-headed hydra's attack.
The 11-headed hydra bites you! x2
* * * LOW HITPOINT WARNING * * *
The 11-headed hydra bites you but does no damage.
The 11-headed hydra bites you!
* * * LOW HITPOINT WARNING * * *
You block the 11-headed hydra's attack.
The 11-headed hydra completely misses you.
The 11-headed hydra bites you!
* * * LOW HITPOINT WARNING * * *
You barely miss the 11-headed hydra.
The 11-headed hydra is severely wounded.
The 11-headed hydra bites you but does no damage.
You block the 11-headed hydra's attack. x2; The 11-headed hydra bites you!
* * * LOW HITPOINT WARNING * * *
The 11-headed hydra barely misses you. The 11-headed hydra bites you!
You die...

#.#........P...#.#P.....#
#.#..#........#####..#.##
#.#.##....P...###.#......
#...##....#...##.#.....##
####.P.##....##.......÷..###
#)....(...P..#.......#..†# #
#.#.#........##.##....#.## #
#.#######.P.#....#..#.#..###
#.# #.#@..#..#...#....## ##.#
##.D..............## #..#
#.######...###.#..### #..#
### #...#...#.(... #..#
##.#...#.#...## ##.##
##..#.#.###..### #..P#
##.....#......# # ##<.#
##......#.##...# #
##.#########P.#.#....#....###


You could see a 11-headed hydra.

Vanquished Creatures
  Rupert (Lair:3)
  A hydra (Lair:3)
  A two-headed ogre (D:9)
  A death yak (Lair:4)
  An ugly thing (D:7)
  A merfolk siren (Lair:2)
  A black mamba (Lair:4)
  8 spiny frogs
  A torpor snail (Lair:4)
  An anaconda simulacrum (Lair:2)
  3 komodo dragons
  A hornet (D:8)
  3 polar bears (Lair:4)
  Prince Ribbit (D:8)
  9 blink frogs (Lair:4)
  7 dream sheep
  5 hippogriffs
  A wraith (D:9)
  A basilisk (Lair:4)
  A wyvern (Lair:4)
  4 hogs (D:7)
  5 yaks
  A hungry ghost (D:7)
  A human (D:7)
  5 nagas (Lair:3)
  9 water moccasins
  An ice beast (D:10)
  7 porcupines
  4 sky beasts
  An eye of draining (D:10)
  6 orc warriors
  2 black bears
  3 phantoms
  2 necrophages
  4 ogres
  A centaur (D:6)
  6 wolves (Lair:2)
  6 crocodiles
  9 bullfrogs
  A gnoll sergeant (D:6)
  2 scorpions
  3 wights (D:10)
  6 howler monkeys
  An electric eel (D:7)
  4 crimson imps
  2 quasits
  6 hounds
  2 bullfrog skeletons
  4 jellies
  3 orc priests
  8 orc wizards
  A water moccasin simulacrum (Lair:2)
  A centaur skeleton (D:4)
  4 iguanas
  5 worker ants
  A killer bee zombie (D:7)
  A worker ant zombie (D:6)
  4 gnolls (D:6)
  14 adders
  A shadow imp (D:10)
  3 adder skeletons
  3 worms
  4 leopard geckos (D:6)
  38 orcs
  4 giant cockroaches
  16 goblins
  8 hobgoblins
  14 jackals
  5 quokkas
  3 ball pythons
  12 bats
  4 frilled lizards
  A jackal skeleton (D:6)
  8 kobolds
  2 leopard gecko skeletons
  9 rats
334 creatures vanquished.

Vanquished Creatures (others)
  6 fungi
  4 plants
10 creatures vanquished.

Grand Total: 344 creatures vanquished

Notes
Turn   | Place    | Note
-------+----------+-------------------------------------------
     0 | D:1      | kae the Troll Monk began the quest for the Orb.
     0 | D:1      | Reached XP level 1. HP: 22/22 MP: 0/0
   742 | D:2      | Reached XP level 2. HP: 29/29 MP: 1/1
   842 | D:2      | Reached XP level 3. HP: 27/36 MP: 2/2
  1245 | D:2      | Reached XP level 4. HP: 39/44 MP: 3/3
  1530 | D:3      | Found a shattered altar of Ashenzari.
  1638 | D:3      | Reached XP level 5. HP: 52/53 MP: 4/4
  2047 | D:4      | Reached skill level 4 in Unarmed Combat
  2110 | D:4      | Noticed an ogre
  2150 | D:4      | Found Abruysiu's Gadget Emporium.
  2384 | D:4      | Noticed an ogre
  2624 | D:5      | Entered Level 5 of the Dungeon
  2624 | D:5      | Noticed a sky beast
  2631 | D:5      | Killed a sky beast
  2631 | D:5      | Reached XP level 6. HP: 46/61 MP: 5/5
  2788 | D:5      | Noticed a sky beast
  2813 | D:5      | Killed a sky beast
  3074 | D:5      | Found a staircase to the Ecumenical Temple.
  3205 | D:5      | Reached XP level 7. HP: 67/68 MP: 6/6
  3312 | Temple   | Entered the Ecumenical Temple
  3543 | Temple   | Became a worshipper of the Wu Jian Council
  3543 | Temple   | Reached * piety under Wu Jian
  3543 | Temple   | Reached ** piety under Wu Jian
  3920 | D:4      | Reached skill level 5 in Unarmed Combat
  4569 | D:6      | Reached XP level 8. HP: 63/79 MP: 7/7
  4973 | D:7      | Reached skill level 1 in Shields
  4999 | D:7      | Found a shadowy altar of Dithmenos.
  5024 | D:7      | Found a basalt altar of Yredelemnul.
  5105 | D:7      | You fall through a shaft!
  5117 | D:8      | Reached *** piety under Wu Jian
  5125 | D:8      | Reached skill level 5 in Fighting
  5127 | D:8      | Reached skill level 5 in Dodging
  5154 | D:8      | Reached skill level 6 in Unarmed Combat
  5173 | D:8      | Noticed a hornet
  5179 | D:8      | Paralysed by a hornet for 3 turns
  5184 | D:8      | Paralysed by a hornet for 2 turns
  5290 | D:7      | Noticed a red ugly thing
  5494 | D:7      | Killed a red ugly thing
  5494 | D:7      | Reached XP level 9. HP: 41/87 MP: 8/8
  6006 | D:7      | Reached skill level 7 in Unarmed Combat
  6251 | D:8      | Noticed Prince Ribbit
  6268 | D:8      | Killed Prince Ribbit
  6354 | D:8      | Paralysed by a hornet for 2 turns
  6356 | D:8      | Reached XP level 10. HP: 17/97 MP: 9/9
  7002 | D:9      | Noticed a two-headed ogre
  7016 | D:9      | Killed a two-headed ogre
  7110 | D:9      | Found Ismoptor's Antique Armour Shoppe.
  7171 | D:9      | Found a staircase to the Orcish Mines.
  7193 | D:9      | Reached **** piety under Wu Jian
  7402 | D:9      | Noticed Oozefury's ghost (novice FeEn)
  7855 | D:10     | Entered Level 10 of the Dungeon
  7861 | D:10     | Reached skill level 8 in Unarmed Combat
  7864 | D:10     | Gained mutation: You are resistant to hostile enchantments. (MR+) [potion of mutation]
  7864 | D:10     | Gained mutation: You evolve. [potion of mutation]
  7864 | D:10     | Gained mutation: You are agile. (Dex +2) [potion of mutation]
  7864 | D:10     | Gained mutation: You are robust. (+10% HP) [potion of mutation]
  8055 | D:10     | Reached skill level 5 in Shields
  8145 | D:10     | Gained mutation: Your movements are slightly less encumbered by armour. (ER -2) [evolution]
  8320 | D:10     | Reached skill level 5 in Stealth
  8395 | D:10     | Found a staircase to the Lair.
  8631 | Lair:1   | Entered Level 1 of the Lair of Beasts
  8670 | Lair:1   | Noticed a spiny frog
  8687 | Lair:1   | Noticed a spiny frog
  8693 | Lair:1   | Killed a spiny frog
  8693 | Lair:1   | Reached XP level 11. HP: 90/118 MP: 10/10
  9355 | Lair:1   | Gained mutation: Your body sometimes deteriorates upon taking damage. [evolution]
  9775 | Lair:2   | Reached skill level 9 in Unarmed Combat
 10010 | Lair:2   | Found a transporter.
 10191 | Lair:2   | Found a transporter.
 10229 | Lair:2   | Found a staircase to the Shoals.
 10723 | Lair:2   | Reached ***** piety under Wu Jian
 10873 | Lair:3   | Noticed Rupert
 10877 | Lair:3   | Found a staircase to the Snake Pit.
 10897 | Lair:3   | Noticed an eight-headed hydra
 10903 | Lair:3   | Killed a nine-headed hydra
 11425 | Lair:3   | Killed Rupert
 11425 | Lair:3   | Reached XP level 12. HP: 36/130 MP: 11/11
 12097 | Lair:4   | Reached skill level 10 in Unarmed Combat
 12412 | Lair:4   | Noticed a death yak
 12724 | Lair:4   | Killed a death yak
 12947 | Lair:4   | Noticed a six-headed hydra
 12960 | Lair:4   | HP: 4/134 [11-headed hydra (13)]
 12960 | Lair:4   | Mangled by an 11-headed hydra

Vault maps used:
D:1:      dpeg_arrival_central
D:2:      kb_forest_paths
D:3:      first_bread, minmay_strange_pillars, evilmike_ruin_ashenzari
D:4:      serial_park_tiny_pond, kennysheep_windowed_goal
D:5:      minmay_temple_entry_fiery
D:7:      nicolae_dithmenos_the_darkroom, basic_altar, grunt_livestock,
          serial_bayou_lake_a
D:8:      uniq_prince_ribbit1
D:9:      orc_0_dummy, serial_shops, shop, grunt_ministairs_9
D:10:     grunt_lair_entry_orc_guard_hut, enter_bailey_3, lightli_orcish_oven
Temple:   kilobyte_greek_temple
Lair:1:   serial_bayou_shore_b
Lair:2:   gammafunk_cloud_chamber, minmay_shoals_entry_lonely_mermaid,
          beast_lair_carwin_2
Lair:3:   minmay_snake_entry_guardpost_large, uniq_rupert
Lair:4:   beast_lair_carwin_5, grunt_megastairs_2

Skill      XL: |  1  2  3  4  5  6  7  8  9 10 11 12 |
---------------+-------------------------------------+-----
Dodging        | 3 4 5 6 7 8 |  8.8
Fighting       | 3 4 5 6 7 8 |  8.8
Unarmed Combat | 4 5 6 7 8 9 10 | 10.4
Stealth        | 2 3 4 5 6 |  6.4
Shields        | 2 4 5 6 7 |  7.4

Action                   |  1- 3 |  4- 6 |  7- 9 | 10-12 || total
-------------------------+-------+-------+-------+-------++-------
Melee: Unarmed           |    79 |   151 |   372 |   700 ||  1302
       Punch             |       |     3 |     2 |       ||     5
Invok: Serpent's Lash    |       |       |     3 |     6 ||     9
Evoke: Wand              |       |       |       |    10 ||    10
  Use: Scroll            |     3 |    11 |     6 |    13 ||    33
       Potion            |       |     1 |     3 |     5 ||     9
 Stab: Sleeping          |     1 |     7 |     3 |    10 ||    21
       Distracted        |       |       |     1 |     2 ||     3
  Eat: Chunk             |    13 |    18 |    42 |    58 ||   131
       Fruit             |       |       |     1 |       ||     1
Armor: Robe              |    25 |    56 |    70 |    98 ||   249
Dodge: Dodged            |    41 |    78 |   109 |   162 ||   390
Block: Large shield      |       |       |   164 |   439 ||   603

Table legend:
 A = Spawn XP
 B = Non-spawn XP
 C = Spawn XP percentage of total XP
 D = Spawn monster count
 E = Non-spawn monster count
 F = Spawn count percentage of total count
 G = Total turns spent on level
                    A         B        C        D         E        F      G
               +---------+---------+-------+---------+---------+-------+---------
         Total |       0 |   33628 |   0.0 |       0 |     334 |   0.0 | 12960
               +---------+---------+-------+---------+---------+-------+---------
           D:1 |       0 |      10 |   0.0 |       0 |       7 |   0.0 |   720
           D:2 |       0 |     125 |   0.0 |       0 |      37 |   0.0 |   766
           D:3 |       0 |     110 |   0.0 |       0 |      29 |   0.0 |   530
           D:4 |       0 |     176 |   0.0 |       0 |       7 |   0.0 |   674
           D:5 |       0 |     611 |   0.0 |       0 |      13 |   0.0 |  1030
           D:6 |       0 |     699 |   0.0 |       0 |      42 |   0.0 |  1041
           D:7 |       0 |    2474 |   0.0 |       0 |      22 |   0.0 |   987
           D:8 |       0 |    1636 |   0.0 |       0 |      27 |   0.0 |   907
           D:9 |       0 |    2305 |   0.0 |       0 |      25 |   0.0 |   938
          D:10 |       0 |    2285 |   0.0 |       0 |      42 |   0.0 |   776
        Lair:1 |       0 |    3718 |   0.0 |       0 |      13 |   0.0 |   982
        Lair:2 |       0 |    2925 |   0.0 |       0 |      19 |   0.0 |  1228
        Lair:3 |       0 |    7022 |   0.0 |       0 |      18 |   0.0 |  1004
        Lair:4 |       0 |    9532 |   0.0 |       0 |      33 |   0.0 |  1115
               +---------+---------+-------+---------+---------+-------+---------
